 Dungeon Crawl Stone Soup version 0.27-a0-1431-gcffa5a9b16 (webtiles) character file.

Game seed: 6922350358705954584

550 blackman the Conjurer (level 7, -3/55 HPs)
             Began as a Yellow Draconian Conjurer on July 2, 2021.
             Was a Plaything of Xom.
             Slain by an ogre (22 damage)
             ... on level 6 of the Dungeon.
             The game lasted 00:37:46 (6602 turns).

blackman the Conjurer (Yellow Draconian Conjurer)   Turns: 6602, Time: 00:37:47

Health: -3/55      AC:  9    Str: 10    XL:     7   Next: 7%
Magic:  0/10       EV: 12    Int: 20    God:    Xom [*.....]
Gold:   257        SH:  0    Dex:  9    Spells: 3/10 levels left

rFire    + . .     SeeInvis .   (no weapon)
rCold    x . .     Faith    .   (no shield)
rNeg     . . .     Spirit   .   (armour unavailable)
rPois    .         Reflect  .   (helmet restricted)
rElec    .         Harm     .   n - +1 cloak
rCorr    +         Rampage  .   h - +0 pair of gloves
Will     .....                  (no boots)
Stlth    ++........             (no amulet)
HPRegen  0.18/turn              a - ring of fire
MPRegen  0.12/turn              (no ring)

@: no status effects
A: spit acid, AC +6, unfitting armour, cold-blooded, acid resistance,
deterioration 1, frail 1
a: Breathe Acid, Renounce Religion


You were on level 6 of the Dungeon.
You worshipped Xom.
You were a special plaything of Xom.
You visited 1 branch of the dungeon, and saw 6 of its levels.

You collected 257 gold pieces.

Inventory:

Hand Weapons
 m - a +0 whip of venom
 r - a +0 dagger of holy wrath
 t - a +1 hunting sling of flaming
Missiles
 u - 18 stones
Armour
 c - a +0 robe
 g - a +0 robe
 h - a +0 pair of gloves (worn)
 n - a +1 cloak (worn)
 x - a +2 ring mail of cold resistance
Jewellery
 a - a ring of fire (left hand)
 f - a ring of willpower
 k - a ring of protection from cold
Scrolls
 b - a scroll of brand weapon {unknown}
 e - a scroll of fog {unknown}
 i - 2 scrolls of blinking {unknown}
 j - a scroll of magic mapping {unknown}
 l - a scroll of amnesia {unknown}
 p - a scroll of vulnerability {unknown}
 q - a scroll of enchant armour
 s - a scroll of torment {unknown}
 v - a scroll of noise {unknown}
Potions
 d - 2 potions of curing
 o - a potion of brilliance {unknown}
 w - a potion of flight {unknown}


   Skills:
 * Level 5.7 Fighting
 - Level 1.7 Dodging
 - Level 1.7 Stealth
 - Level 2.2 Spellcasting
 * Level 6.5 Conjurations


You had 3 spell levels left.
You knew the following spells:

 Your Spells              Type           Power      Damage    Failure   Level
a - Magic Dart            Conj           100%       1d8       1%          1
b - Searing Ray           Conj           56%        3d5       1%          2
c - Fulminant Prism       Conj/Hex       7%         3d7       38%         4

Your spell library contained the following spells:

 Spells                   Type           Power      Damage    Failure   Level
 Dazzling Flash           Conj/Hex       30%        N/A       12%         3
 Animate Skeleton         Necr           4%         N/A       16%         1
 Apportation              Tloc           4%         N/A       16%         1
 Corona                   Hex            2%         N/A       16%         1
 Summon Small Mammal      Summ           8%         N/A       16%         1
 Ensorcelled Hibernation  Hex/Ice        4%         N/A       24%         2
 Tukima's Dance           Hex            2%         N/A       43%         3
 Iskenderun's Mystic Bla  Conj/Tloc      15%        2d5       38%         4


Dungeon Overview and Level Annotations

Branches:
Dungeon (6/15)             Temple (0/1) D:4

Altars:
Okawaru
Xom


Innate Abilities, Weirdness & Mutations

You can spit globs of acid.
Your golden yellow scales are hard. (AC +6)
You cannot fit into any form of body armour.
You are cold-blooded and may be slowed by cold attacks.
You are resistant to acid. (rCorr)
Your body sometimes deteriorates upon taking damage.
You are frail. (-10% HP)


Message History

The wyvern skeleton is heavily damaged. (Press . to maintain the ray.)
The searing ray hits the wyvern skeleton!
The wyvern skeleton is almost destroyed.
The wyvern skeleton bites you! The wyvern skeleton closely misses you.
The searing ray hits the wyvern skeleton!
You destroy the wyvern skeleton!
You have reached level 7!
Your scales start taking on a golden yellow colour.
You can spit globs of acid.
You feel resistant to acid.
You start resting.
An ogre is nearby!
Casting: Searing Ray (safe; 1% risk of failure)
Confirm with . or Enter, or press ? or * to list all spells.
Aiming: Searing Ray (safe; 1% risk of failure)
Press: ? - help, Shift-Dir - straight line, f - ogre
Aim: an ogre, wielding a +0 giant spiked club (90% to hit)
The searing ray misses the ogre. (Press . to maintain the ray.)
The searing ray hits the ogre!
The ogre is moderately wounded.
The ogre barely misses you.
The searing ray hits the ogre!
The ogre is severely wounded.
The ogre barely misses you.
The searing ray misses the ogre.
You finish channeling your searing ray.
The ogre hits you with a +0 giant spiked club!
The ogre completely misses you. The ogre closely misses you.
The ogre hits you with a +0 giant spiked club!
Casting: Searing Ray (safe; 1% risk of failure)
Confirm with . or Enter, or press ? or * to list all spells.
Aiming: Searing Ray (safe; 1% risk of failure)
Press: ? - help, Shift-Dir - straight line, f/p - ogre
Aim: an ogre, wielding a +0 giant spiked club (heavily wounded, 90% to hit)
The searing ray misses the ogre. (Press . to maintain the ray.)
The ogre hits you with a +0 giant spiked club!!
You die...

..........##.#
#######.####.#
#.....# #O#
#.##### #<#
#.....# ###
#####.# #.#
#O# #@# #.#
#.# #.# #.#
#.# #.# #.#


You could see an ogre.

Vanquished Creatures
  A phantom (D:5)
  A scorpion (D:2)
  A water moccasin skeleton (D:4)
  A wyvern skeleton (D:6)
  A bullfrog zombie (D:5)
  An orc priest (D:4)
  3 hounds
  Jessica (D:3)
  Ijyb (D:6)
  A hound skeleton (D:4)
  3 adders (D:2)
  An adder skeleton (D:4)
  A worm (D:3)
  A dart slug (D:2)
  3 orcs (D:4)
  7 endoplasms
  2 giant cockroaches (D:2)
  11 goblins
  8 hobgoblins
  6 jackals
  3 quokkas
  5 ball pythons
  11 bats
  6 frilled lizards
  6 kobolds
86 creatures vanquished.

Vanquished Creatures (others)
  2 fulminant prisms
  A fungus (D:1)
  A plant (D:1)
4 creatures vanquished.

Grand Total: 90 creatures vanquished

Notes
Turn   | Place    | Note
-------+----------+-------------------------------------------
     0 | D:1      | blackman the Draconian Conjurer began the quest for the
                  | Orb.
     0 | D:1      | Reached XP level 1. HP: 14/14 MP: 3/3
    21 | D:1      | Noticed an electric eel
   149 | D:1      | Reached skill level 1 in Fighting
   359 | D:1      | Reached XP level 2. HP: 19/23 MP: 0/5
   834 | D:1      | Found a faded altar of an unknown god.
   858 | D:1      | Became a worshipper of Xom of Chaos
  1194 | D:1      | XOM: divination: detect creatures
  1295 | D:1      | XOM: silly message
  1357 | D:1      | XOM: divination: detect items
  1584 | D:2      | Reached XP level 3. HP: 29/29 MP: 0/6
  1698 | D:2      | XOM: silly message
  1726 | D:2      | XOM: silly message
  1728 | D:2      | XOM: silly message
  1878 | D:2      | Learned a level 2 spell: Searing Ray
  2200 | D:2      | Noticed a scorpion
  2215 | D:2      | Killed a scorpion
  2216 | D:2      | Reached XP level 4. HP: 19/38 MP: 2/7
  2516 | D:2      | Reached skill level 5 in Conjurations
  2641 | D:2      | XOM: silly message
  2695 | D:2      | XOM: silly message
  2818 | D:2      | Found an iron altar of Okawaru.
  2868 | D:2      | XOM: cloud trail
  2912 | D:2      | XOM: god gift: 25 gold pieces
  2923 | D:2      | Gained mutation: You are frail. (-10% HP) [mutagenic glow]
  2962 | D:2      | Gained mutation: Your body sometimes deteriorates upon
                  | taking damage. [mutagenic glow]
  3492 | D:3      | XOM: scenery: create altars
  3553 | D:3      | Reached XP level 5. HP: 41/41 MP: 6/8
  3687 | D:3      | XOM: divination: detect creatures
  3855 | D:3      | Noticed Jessica
  3857 | D:3      | Killed Jessica
  4079 | D:3      | XOM: silly message
  4111 | D:3      | Learned a level 4 spell: Fulminant Prism
  4210 | D:3      | XOM: silly message
  4574 | D:4      | XOM: noise
  4574 | D:4      | Noticed Ijyb
  4584 | D:4      | XOM: snakes to sticks
  4716 | D:4      | Found a staircase to the Ecumenical Temple.
  4908 | D:4      | Reached XP level 6. HP: 23/47 MP: 0/9
  4918 | D:4      | XOM: scenery: summon butterflies
  5154 | D:5      | Entered Level 5 of the Dungeon
  5616 | D:4      | XOM: cloud trail
  5657 | D:4      | XOM: cleaving
  5661 | D:4      | XOM: fake destruction
  5756 | D:4      | XOM: silly message
  5759 | D:4      | Reached skill level 5 in Fighting
  5759 | D:4      | Reached skill level 6 in Conjurations
  6162 | D:4      | XOM: silly message
  6305 | D:5      | XOM: silly message
  6327 | D:6      | Killed Ijyb
  6572 | D:6      | XOM: 1-stop teleportation journey
  6577 | D:6      | Your scales start taking on a golden yellow colour.
  6577 | D:6      | Reached XP level 7. HP: 48/55 MP: 4/10
  6577 | D:6      | Gained mutation: You are resistant to acid. (rCorr) [Yellow
                  | Draconian growth]
  6602 | D:6      | Slain by an ogre

Illustrated notes

Levels and vault maps discovered:
D:1:      arrival_aquarium_a, layout_loops_ring,
          shapermc_ecumenical_altar_mp_ritualfount, grunt_decor_fettered
D:2:      layout_loops_ring, basic_altar
D:3:      layout_loops_ring, uniq_jessica
D:4:      layout_loops_cross, minmay_temple_entry_statues_fountains,
          minmay_liquid_box, amcnicky_mini_corridor_feature, uniq_ijyb
D:5:      layout_loops_cross
D:6:      layout_basic, worldfamousw_hep_ancestral_shrine,
          pdpol_wu_jian_five_deadly_venoms, serial_shops,
          nicolae_take_the_stairs, kennysheep_mini, shop, due_unseen_surprise

Skill      XL: |  1  2  3  4  5  6 |
---------------+-------------------+-----
Fighting       | 1 2 3 4 5 |  5.7
Conjurations   | 5 6 |  6.5
Dodging        | |  1.7
Stealth        | |  1.7
Spellcasting   | |  2.2

Action                   |  1- 3 |  4- 6 |  7- 9 || total
-------------------------+-------+-------+-------++-------
Melee: Unarmed           |    36 |     2 |       ||    38
       Tailslap          |     6 |       |       ||     6
 Cast: Magic Dart        |    65 |   108 |       ||   173
       Searing Ray       |     2 |    12 |     2 ||    16
       Fulminant Prism   |       |     2 |       ||     2
  Use: Scroll            |       |     4 |       ||     4
       Potion            |       |     3 |       ||     3
 Stab: Sleeping          |     1 |       |       ||     1
Armor: Skin              |    30 |    40 |       ||    70
Dodge: Dodged            |    45 |    56 |     4 ||   105

Table legend: (Time is in decaauts)
 A = Elapsed time spent in this place.
 B = Non-inter-level travel time spent in this place.
 C = Inter-level travel time spent in this place.
 D = Time resting spent in this place.
 E = Time spent auto-exploring this place.
 F = Levels seen in this place.
 G = Mean time per level.
                   A        B        C        D        E       F      G
               +--------+--------+--------+--------+--------+-----+--------+
         Total |   6587 |   6309 |    278 |   2856 |   1948 |   6 | 1097.8 |
       Dungeon |   6587 |   6309 |    278 |   2856 |   1948 |   6 | 1097.8 |
               +--------+--------+--------+--------+--------+-----+--------+

Top non-repeatable levels by time:
     D:2: 1792 daAuts
     D:1: 1527 daAuts
     D:4: 1447 daAuts
     D:3: 1397 daAuts
     D:6: 275 daAuts
     D:5: 145 daAuts
